 Dungeon Crawl Stone Soup version 0.23.1-42-g8abd8fc (webtiles) character file.

Game seed: 3183081753886630878

112 esteth the Grave Robber (level 4, -11/31 HPs)
             Began as a Mummy Necromancer on Mar 30, 2019.
             Killed by divine providence
             ... invoked by an orc priest
              (14 damage)
             ... on level 2 of the Dungeon.
             The game lasted 00:09:37 (3176 turns).

esteth the Grave Robber (Mummy Necromancer)         Turns: 3176, Time: 00:09:37

Health: -11/31     AC:  7    Str: 11    XL:     4   Next: 63%
Magic:  9/10       EV: 10    Int: 15    God:
Gold:   66         SH:  0    Dex: 12    Spells: 9/11 levels left

rFire    x . .     SeeInvis .   j - +1 dagger (venom)
rCold    + . .     Gourm    .   (no shield)
rNeg     + + +     Faith    .   d - +0 ring mail
rPois    ∞         Spirit   .   k - +0 helmet
rElec    .         Reflect  .   (no cloak)
rCorr    .         Harm     .   e - +0 pair of gloves
MR       .....                  (no boots)
Stlth    +.........             (no amulet)
HPRegen  0.10/turn              (no ring)
MPRegen  0.12/turn              (no ring)

@: about to teleport
A: no food or potions, fire vulnerability, cold resistance 1, negative energy
resistance 3, torment resistance, unbreathing
a: no special abilities


You were on level 2 of the Dungeon.
You were not hungry.

You visited 1 branch of the dungeon, and saw 3 of its levels.

You collected 66 gold pieces.

Inventory:

Hand Weapons
 c - a +0 dagger
 i - a +0 club
 j - a +1 dagger of venom (weapon)
Armour
 a - a +0 robe
 d - a +0 ring mail (worn)
 e - a +0 pair of gloves (worn)
 k - a +0 helmet (worn)
Scrolls
 b - a scroll of teleportation
 f - a scroll of identify {unknown}
 g - a scroll of magic mapping {unknown}
 h - 3 scrolls of remove curse {unknown}


   Skills:
 + Level 0.8 Fighting
 - Level 1.7 Dodging
 - Level 1.8 Stealth
 - Level 4.2 Spellcasting
 + Level 5.0 Necromancy


You had 9 spell levels left.
You knew the following spells:

 Your Spells              Type           Power        Failure   Level  Hunger
a - Pain                  Necr           ###.         5%          1    N/A
b - Animate Skeleton      Necr           N/A          5%          1    N/A

Your spell library contained the following spells:

 Spells                   Type           Power        Failure   Level  Hunger
 Vampiric Draining        Necr           ###.......   16%         3    N/A
 Animate Dead             Necr           N/A          47%         4    N/A
 Regeneration             Chrm/Necr      Unusable     N/A         3    N/A

Dungeon Overview and Level Annotations

Branches:
Dungeon (3/15)

Altars:
Wu Jian


Innate Abilities, Weirdness & Mutations

You do not eat or drink.
Your flesh is vulnerable to fire.
You are immune to poison.
Your flesh is cold resistant. (rC+)
You are immune to negative energy. (rN+++)
You are immune to unholy pain and torment.
You can survive without breathing.


Message History

The orc wizard misses you. The orc hits you but does no damage.
The orc priest hits you but does no damage.
Cast which spell? (? or * to list)
Aiming: Pain (safe; 5% risk of failure)
Press: ? - help, Shift-Dir - straight line, f - orc wizard
Aim: an orc wizard, wielding a +0 dagger and wearing a +0 robe (chance to defeat MR: 78%)
The orc wizard writhes in agony.
The orc priest calls down the wrath of Beogh upon you.
Beogh smites you!
* * * LOW HITPOINT WARNING * * *
The orc priest looks more healthy.
The orc priest calls upon Beogh to heal the orc wizard.
The orc wizard's wounds heal themselves!
You can't drink.
As you read the scroll labeled UQOAPH NIAS, it crumbles to dust.
You feel strangely unstable.
It was a scroll of teleportation.
The orc hits you but does no damage.
The orc priest mumbles some strange prayers to Beogh against you.
Beogh smites you!
You die...

#.#.#######.#.#..###.# #
#...# #.#.#......# #
#...#######...†..#####
####### #........####.####
#!.)... ##.#####.# #.#
#.#####
#####.#####.####.###### #.#
#.............##......#####.#
#.###...###.#.#####.........#
#.# #.#.###.oooo@.....#######
..# #.......o.####.#### ###
###.####.>####.# # ###.#
#.o..##.# # #...# #.##.##.# #
###.######...%...#
###.....##.......###
.##.....##.####..#
###.....##.##....#


You could see an orc priest, an orc wizard and 3 orcs.

Vanquished Creatures
  Robin (D:2)
  3 adders (D:2)
  A worm (D:2)
  4 dart slugs
  A leopard gecko (D:2)
  A ball python (D:1)
  4 bats
  5 giant cockroaches (D:1)
  2 hobgoblins (D:2)
  4 jackals (D:1)
  4 frilled lizards
  16 goblins
  7 kobolds
  6 rats
59 creatures vanquished.

Notes
Turn   | Place    | Note
-------+----------+-------------------------------------------
     0 | D:1      | esteth the Mummy Necromancer began the quest for the Orb.
     0 | D:1      | Reached XP level 1. HP: 13/13 MP: 4/4
   351 | D:1      | Reached XP level 2. HP: 19/19 MP: 2/5
   786 | D:1      | Learned a level 1 spell: Animate Skeleton
  1323 | D:1      | Reached XP level 3. HP: 21/24 MP: 7/7
  1766 | D:2      | Found a faded altar of an unknown god.
  2233 | D:2      | Noticed Robin
  2318 | D:2      | Reached XP level 4. HP: 23/30 MP: 8/10
  2581 | D:2      | Killed Robin
  2799 | D:2      | Found an ornate altar of the Wu Jian Council.
  2907 | D:2      | Reached skill level 5 in Necromancy
  3176 | D:2      | Killed from afar by an orc priest

Skill      XL: |  1  2  3  4 |
---------------+-------------+-----
Spellcasting   | 3 4 |  4.2
Necromancy     | 5 |  5.0
Fighting       | |  0.8
Dodging        | |  1.7
Stealth        | |  1.8

Action                   |  1- 3 |  4- 6 || total
-------------------------+-------+-------++-------
Melee: Unarmed           |    43 |       ||    43
       Dagger            |    81 |    29 ||   110
       Club              |    11 |    18 ||    29
 Cast: Pain              |    46 |    14 ||    60
  Use: Scroll            |       |     1 ||     1
 Stab: Sleeping          |     1 |       ||     1
Armor: Robe              |     9 |       ||     9
       Ring mail         |    48 |    27 ||    75
Dodge: Dodged            |    89 |    50 ||   139
